 Dungeon Crawl Stone Soup version 0.31.0-4-g52a2dc7128 (webtiles) character file.

Game seed: 18064366118717984719

886 James the Purveyor of Pain (level 8, -5/26 (39) HPs)
             Began as a Vine Stalker Necromancer on Jan 21, 2024.
             Was an Initiate of Kikubaaqudgha.
             Slain by an ogre
             ... wielding a +0 giant spiked club
              (18 damage)
             ... on level 4 of the Dungeon.
             The game lasted 00:29:23 (6171 turns).

James the Purveyor of Pain (VSNe)                   Turns: 6171, Time: 00:29:24

HP:   -5/26 (39)    AC:  6    Str: 17    XL:     8   Next: 5%
MP:   0/24          EV: 12    Int: 17    God:    Kikubaaqudgha [......]
Gold: 349           SH:  0    Dex: 15    Spells: 7/15 levels left

rFire   . . .        U - +3 mace (drain)
rCold   . . .        (no shield)
rNeg    . . .        B - +1 leather armour {rPois}
rPois   +            (no helmet)
rElec   .            z - +0 cloak
rCorr   .            (no gloves)
SInv    .            o - +0 pair of boots
Will    +....        (no amulet)
Stlth   ++           g - ring of magical power
HPRegen 1.04/turn    W - +6 ring of strength
MPRegen 0.19/turn

%: guardian spirit
@: very heavily drained
A: fangs 3, regeneration 1, magic shield, antimagic bite, no potion heal 2
a: Renounce Religion


You were on level 4 of the Dungeon.
You worshipped Kikubaaqudgha.
Kikubaaqudgha was noncommittal.
You visited 2 branches of the dungeon, and saw 6 of its levels.

You collected 349 gold pieces.

Inventory:

Hand Weapons
 a - a +0 short sword
   (You took it off a kobold on level 1 of the Dungeon)
 c - a +0 hand axe
   (You found it on level 1 of the Dungeon)
 f - a +0 dagger
   (You took it off a kobold on level 1 of the Dungeon)
 p - a +2 scimitar
   (You took it off a wight on level 4 of the Dungeon)
 r - a +0 spear
   (You found it on level 2 of the Dungeon)
 D - a +3 hand axe
   (You took it off an orc on level 3 of the Dungeon)
 G - a +0 halberd
   (You took it off a gnoll on level 3 of the Dungeon)
 H - a +0 sling
   (You found it on level 3 of the Dungeon)
 I - a +0 long sword
   (You found it on level 3 of the Dungeon)
 L - a +0 trident
   (You took it off an orc on level 4 of the Dungeon)
 P - a +3 falchion of freezing
   (You took it off a wight on level 4 of the Dungeon)
 U - a +3 mace of draining (weapon)
   (You took it off an orc priest on level 4 of the Dungeon)
 V - a +0 rapier
   (You found it on level 4 of the Dungeon)
Missiles
 v - 27 stones (quivered)
 E - 3 boomerangs
Armour
 d - a +0 robe
 i - a +0 leather armour
   (You found it on level 1 of the Dungeon)
 l - a +0 leather armour
   (You took it off a wight on level 4 of the Dungeon)
 o - a +0 pair of boots (worn)
   (You found it on level 1 of the Dungeon)
 q - a +0 leather armour
   (You took it off an orc on level 3 of the Dungeon)
 s - a +0 robe
   (You found it on level 2 of the Dungeon)
 t - a +0 robe
   (You found it on level 2 of the Dungeon)
 u - a +0 robe
   (You found it on level 2 of the Dungeon)
 x - a +0 leather armour
   (You found it on level 2 of the Dungeon)
 y - a +0 ring mail
   (You took it off an orc on level 3 of the Dungeon)
 z - a +0 cloak (worn)
   (You found it on level 2 of the Dungeon)
 A - a +0 leather armour
   (You took it off an orc on level 4 of the Dungeon)
 B - a +1 leather armour of poison resistance (worn)
   (You took it off an orc on level 3 of the Dungeon)
 C - a +0 leather armour
   (You took it off an orc on level 3 of the Dungeon)
 F - a +0 plate armour
   (You found it on level 3 of the Dungeon)
 J - a +0 robe
   (You found it on level 3 of the Dungeon)
 K - a +0 ring mail
   (You took it off an orc on level 3 of the Dungeon)
 M - a +0 leather armour
   (You took it off an orc on level 4 of the Dungeon)
 N - a +0 leather armour
   (You took it off an orc on level 4 of the Dungeon)
 O - a +0 leather armour
   (You took it off an orc on level 3 of the Dungeon)
 Q - a +0 robe
   (You took it off an orc wizard on level 3 of the Dungeon)
 R - a +0 chain mail
   (You took it off an orc on level 4 of the Dungeon)
 S - a +0 robe
   (You took it off an orc wizard on level 4 of the Dungeon)
 T - a +0 ring mail
   (You took it off an orc on level 4 of the Dungeon)
 X - a +0 leather armour
   (You took it off an orc on level 5 of the Dungeon)
 Y - a +0 scale mail
   (You took it off an orc on level 4 of the Dungeon)
 Z - a +0 chain mail
   (You found it on level 5 of the Dungeon)
Jewellery
 e - an amulet of faith {!P}
   (You found it on level 4 of the Dungeon)
 g - a ring of magical power (left hand)
   (You found it on level 4 of the Dungeon)
 n - a ring of ice
   (You found it on level 1 of the Dungeon)
 W - a +6 ring of strength (right hand)
   (You found it on level 4 of the Dungeon)
Scrolls
 h - a scroll of enchant armour {unknown}
Potions
 b - a potion of magic
 j - a potion of lignification {!q}
 k - a potion of invisibility
 m - a potion of mutation {!q}
 w - a potion of curing {unknown}


   Skills:
 - Level 2.0 Fighting
 - Level 2.0 Dodging
 - Level 3.0 Stealth
 - Level 4.0 Spellcasting
 + Level 8.6 Necromancy


You had 7 spell levels left.
You knew the following spells:

 Your Spells              Type           Power      Damage    Failure   Level
a - Necrotise             Necr           100%       1d9       1%          1
q - Vampiric Draining     Necr           32%        2d8       1%          3
u - Animate Dead          Necr           32%        N/A       5%          4

Your spell library contained the following spells:

 Spells                   Type           Power      Damage    Failure   Level
 Curse of Agony           Necr           32%        N/A       16%         5
 Slow                     Hex            12%        N/A       19%         1
 Confusing Touch          Hex            3%         N/A       50%         3
 Sigil of Binding         Hex            3%         N/A       50%         3
 Summon Blazeheart Golem  Fire/Summ      3%         N/A       88%         4
 Orb of Destruction       Conj           1%         9d5       100%        7
 Spellforged Servitor     Conj/Summ      1%         N/A       100%        7


Dungeon Overview and Level Annotations

Branches:
Dungeon (5/15)             Temple (1/1) D:4

Altars:
Ashenzari
Cheibriados
Dithmenos
Fedhas
Gozag
Hepliaklqana
Kikubaaqudgha
Makhleb
Nemelex Xobeh
Okawaru
Qazlal
Ru
Sif Muna
Trog
Uskayaw
Vehumet
Wu Jian
Xom
Yredelemnul
Zin
The Shining One

Shops:
D:4 *(

Annotations:
D:3 1 runed translucent door


Innate Abilities, Weirdness & Mutations

You have razor-sharp teeth.
Your natural rate of healing is unusually fast.
When hurt, damage is shared between your health and your magic reserves.
Your bite disrupts and absorbs the magic of your enemies.
Potions cannot restore your health.


Message History

P - a +3 falchion of freezing You are no longer berserk.
You are exhausted.
You feel yourself slow down.
You start resting.
You start resting.
You feel yourself speed up.
You start resting.
You recover from your berserk rage.
You can't carry that many items.
There is a stone staircase leading down, spattered with blood here.
Items here: )) [[.
Okay, then.
You see here a +0 falchion.
There is a stone staircase leading down, spattered with blood here.
You start resting.
You climb downwards.
There is a stone staircase leading up here.
An ogre comes into view. It is wielding a +0 giant spiked club.
An orc priest comes into view. It is wielding a +0 flail.
An orc and an orc priest come into view.
Press: ? - help, Shift-Dir - straight line, f - ogre
Aim: an ogre, wielding a +0 giant spiked club (asleep, chance to affect: 83%)
The ogre shouts!
The ogre writhes in agony.
You hear a shout!
The orc shouts!
You hear a shout!
An orc wizard comes into view. It is wielding a +0 dagger.
An orc comes into view. It is wielding a +0 short sword.
There is a stone staircase leading up here.
The ogre hits you with a +0 giant spiked club!!
Ouch! That really hurt!
* * * LOW HITPOINT WARNING * * *
You climb upwards.
There is a stone staircase leading down, spattered with blood here.
Press: ? - help, Shift-Dir - straight line, f - ogre
Aim: an ogre, wielding a +0 giant spiked club (moderately wounded)
You draw life force from the ogre!
You feel life coursing into your body.
The ogre hits you with a +0 giant spiked club!!
Ouch! That really hurt!
* * * LOW HITPOINT WARNING * * *
Press: ? - help, Shift-Dir - straight line, f/p - ogre
Aim: an ogre, wielding a +0 giant spiked club (heavily wounded)
You draw life force from the ogre!
You feel life coursing into your body.
You don't have enough magic to cast this spell.
Unknown command.
You hit the ogre. Your bite misses the ogre.
The ogre hits you with a +0 giant spiked club!!
Ouch! That really hurt!
You die...
Kikubaaqudgha rasps: "You have failed me!
Welcome... death!"

.........#
#............##..
.........#
#.......#....##..
.........#
#...........###..
.........##
#......########..
..........###
#................
........#...##
##.......#########
........###..###...##+#.#
#####.######.....####.#.#
#.# #...####@####.#.#
####### ####.# #...#
#)O.......# #......
##....###...# #.........#
#......
#......##...###.........#
#......
#..∩..........#.........#
#......
#.....###...#.#.........#
#......
..............#.........#
##....#
############).#........##
#....#
.....#..h)<#h.##.#######
#....#


You could see an ogre.

Vanquished Creatures
  A sky beast (D:4)
  A black bear (D:4)
  An ice beast (D:4)
  4 wights (D:4)
  A bombardier beetle (D:5)
  An orc priest (D:4)
  An iguana (D:4)
  2 orc wizards
  9 gnolls
  5 adders
  A white imp (D:5)
  3 ribbon worms
  3 dart slugs
  20 orcs
  9 ball pythons
  7 bats
  7 endoplasms
  2 giant cockroaches
  7 goblins
  4 hobgoblins
  4 quokkas
  3 frilled lizards
  A goblin zombie (D:3)
  4 kobolds
  7 rats
108 creatures vanquished.

Vanquished Creatures (collateral kills)
  A gnoll (D:3)
1 creature vanquished.

Grand Total: 109 creatures vanquished

Notes
Turn   | Place    | Note
-------+----------+-------------------------------------------
     0 | D:1      | James the Vine Stalker Necromancer began the quest for the
                  | Orb.
     0 | D:1      | Reached XP level 1. HP: 9/9 MP: 4/4
   155 | D:1      | Reached skill level 1 in Fighting
   228 | D:1      | Reached XP level 2. HP: 14/14 MP: 4/6
   837 | D:1      | Reached XP level 3. HP: 18/18 MP: 8/8
  1151 | D:1      | Learned a level 3 spell: Vampiric Draining
  1445 | D:2      | Reached XP level 4. HP: 20/22 MP: 6/9
  1450 | D:2      | Learned a level 4 spell: Animate Dead
  2303 | D:3      | Reached XP level 5. HP: 25/25 MP: 7/11
  2422 | D:3      | Reached skill level 5 in Necromancy
  2459 | D:3      | Found a faded altar of an unknown god.
  2787 | D:3      | Found a runed translucent door.
  2787 | D:3      | Noticed a human
  2788 | D:3      | Found a basalt altar of Yredelemnul.
  3527 | D:4      | Noticed an ice beast
  3937 | D:3      | Reached XP level 6. HP: 30/30 MP: 13/13
  4097 | D:4      | Found Goug's Goods Gallery.
  4099 | D:4      | Noticed a black bear
  4318 | D:4      | Found a staircase to the Ecumenical Temple.
  4325 | Temple   | Entered the Ecumenical Temple
  4364 | D:4      | Found an ornate altar of the Wu Jian Council.
  4365 | D:4      | Found an ancient bone altar of Kikubaaqudgha.
  4373 | D:4      | Became a worshipper of Kikubaaqudgha
  4526 | D:4      | Noticed a sky beast
  4544 | D:4      | Killed a sky beast
  4545 | D:4      | Reached skill level 6 in Necromancy
  4789 | D:4      | Found Quoh's Antique Weapon Shoppe.
  5141 | D:5      | Entered Level 5 of the Dungeon
  5181 | D:5      | Noticed a troll
  5281 | D:5      | Reached XP level 7. HP: 33/35 MP: 14/14
  5383 | D:4      | Reached skill level 7 in Necromancy
  5778 | D:4      | Reached skill level 8 in Necromancy
  6048 | D:4      | HP: 1/25 [wight/+3 falchion of freezing (2)]
  6051 | D:4      | Gained mutation: You have razor-sharp teeth. [Vine Stalker
                  | growth]
  6051 | D:4      | Reached XP level 8. HP: 4/26 MP: 1/15
  6171 | D:4      | Slain by an ogre

Illustrated notes

Levels and vault maps discovered:
D:1:      lemuel_arrival_lava_pool, layout_loops_corners
D:2:      layout_loops_ring
D:3:      layout_loops_cross, dk_yredelemnul_ordeal,
          ebering_ecumenical_altar_abandoned, nicolae_grassy_gnolls
D:4:      layout_basic, amethyst_overflow_temple_binary, temple_statues,
          serial_shops, nicolae_shop_statue_plus, nicolae_alphabet_shops
D:5:      layout_rooms, nicolae_overflow_crystal_walls
Temple:   nicolae_temple_bog_church

Skill      XL: |  1  2  3  4  5  6  7 |
---------------+----------------------+-----
Fighting       | 1 2 |  2.0
Spellcasting   | 3 4 |  4.0
Dodging        | 2 |  2.0
Stealth        | 3 |  3.0
Necromancy     | 5 6 8 |  8.6

Action                     |  1- 3 |  4- 6 |  7- 9 || total
---------------------------+-------+-------+-------++-------
  Melee: Short sword       |    70 |   204 |       ||   274
         Unarmed           |     3 |       |       ||     3
         Bite              |    12 |    67 |    18 ||    97
         Punch             |     2 |     2 |     1 ||     5
         Mace              |       |       |    60 ||    60
  Throw: Stone             |       |     2 |       ||     2
   Cast: Necrotise         |    18 |    57 |    10 ||    85
         Vampiric Draining |       |     8 |     4 ||    12
    Use: Scroll            |       |    10 |       ||    10
         Potion            |       |       |     1 ||     1
   Stab: Sleeping          |     7 |     7 |       ||    14
         Distracted        |       |     1 |       ||     1
 Armour: Robe              |    40 |    20 |       ||    60
         Leather armour    |       |   103 |    63 ||   166
  Dodge: Dodged            |    45 |   132 |    40 ||   217
